 Dungeon Crawl Stone Soup version 0.30-a0-557-ge2afbf3030 (webtiles) character file.

Game seed: 8139200368334244399

247 bmack86 the Shield-Bearer (level 5, -4/47 HPs)
             Began as a Minotaur Fighter on Dec 28, 2022.
             Slain by a gnoll
             ... wielding a +0 halberd
              (11 damage)
             ... on level 4 of the Dungeon.
             The game lasted 00:07:46 (2566 turns).

bmack86 the Shield-Bearer (Minotaur Fighter)        Turns: 2566, Time: 00:07:47

Health: -4/47      AC:  7    Str: 22    XL:     5   Next: 85%
Magic:  4/4        EV:  9    Int:  5    God:
Gold:   162        SH:  4    Dex: 10    Spells: 4/4 levels left

rFire   + . .      SeeInvis .    a - +0 war axe
rCold   . . .      Faith    .    c - +0 buckler
rNeg    . . .      Spirit   .    b - +0 scale mail
rPois   .          Reflect  .    (helmet restricted)
rElec   .          Harm     .    (no cloak)
rCorr   .          Rampage  .    (no gloves)
Will    .....                    (no boots) Stlth
                                 h - amulet of the acrobat
HPRegen 0.27/turn                o - ring of protection from fire
MPRegen 0.09/turn                (no ring)

@: no status effects
A: horns 2, retaliatory headbutt
a: no special abilities


You were on level 4 of the Dungeon.
You visited 1 branch of the dungeon, and saw 4 of its levels.

You collected 162 gold pieces.

Inventory:

Hand Weapons
 a - a +0 war axe (weapon)
Missiles
 i - 5 javelins (quivered)
Armour
 b - a +0 scale mail (worn)
 c - a +0 buckler (worn)
Jewellery
 h - an amulet of the acrobat (around neck)
 o - a ring of protection from fire (left hand)
Wands
 t - a wand of flame (11)
Scrolls
 f - a scroll of immolation
 g - a scroll of magic mapping {unknown}
 l - a scroll of fog
 m - a scroll of amnesia {unknown}
 n - a scroll of fear {unknown}
 p - a scroll of silence {unknown}
 q - 2 scrolls of teleportation
 u - a scroll of identify
Potions
 d - a potion of might
 e - a potion of resistance
 j - 3 potions of curing
 k - 3 potions of heal wounds
 r - a potion of invisibility
 s - a potion of mutation {unknown}


   Skills:
 + Level 4.6 Fighting
 * Level 4.7 Axes
 + Level 1.9 Throwing
 + Level 4.6 Armour
 + Level 4.7 Shields


You had 4 spell levels left.
You didn't know any spells.
Your spell library contained the following spells:

 Spells                   Type           Power      Damage    Failure   Level
 Slow                     Hex            0%         N/A       86%         1
 Ensorcelled Hibernation  Hex/Ice        0%         N/A       95%         2
 Call Canine Familiar     Summ           0%         N/A       99%         3
 Confusing Touch          Hex            0%         N/A       99%         3
 Portal Projectile        Hex/Tloc       0%         N/A       99%         3
 Spider Form              Tmut/Pois      0%         N/A       99%         3
 Vampiric Draining        Necr           0%         2d6       99%         3
 Anguish                  Hex/Necr       0%         N/A       100%        4
 Leda's Liquefaction      Hex/Erth       0%         N/A       100%        4


Dungeon Overview and Level Annotations

Branches:
Dungeon (4/15)
 Temple: D:4-7

Altars:
Fedhas
Hepliaklqana
Vehumet

Annotations:
D:3 exclusion: oklob plant


Innate Abilities, Weirdness & Mutations

You have a pair of horns on your head.
You reflexively headbutt those who attack you in melee.


Message History

You enter the shallow water.
Moving in this stuff is going to be slow.
You open the door.
There is an open door here.
Found a stone staircase leading down.
A gnoll comes into view. It is wielding a +0 spear.
The gnoll shouts!
The gnoll hits you from afar with a +0 spear. 2 gnolls come into view.
The gnoll shouts! x2
You hit the gnoll.
The gnoll is moderately wounded.
You block the gnoll's attack. The gnoll closely misses you.
The gnoll barely misses you.
You barely miss the gnoll. You closely miss the gnoll.
The gnoll hits you from afar with a +0 halberd.
The gnoll hits you but does no damage.
You hit the gnoll but do no damage. You slash the gnoll!
The gnoll barely misses you. x2; You furiously retaliate!
You headbutt the gnoll, but do no damage.
You block the gnoll's attack.
You barely miss the gnoll. You hit the gnoll.
You kill the gnoll!
The gnoll hits you with a +0 whip.
The gnoll hits you from afar with a +0 halberd!
You barely miss the gnoll. You block the gnoll's attack.
The gnoll barely misses you. x2; You furiously retaliate!
You headbutt the gnoll.
The gnoll throws a throwing net.
The throwing net hits you.
You become entangled in the net!
You struggle against the net.
The gnoll barely misses you.
The gnoll hits you from afar with a +0 halberd!
You struggle against the net.
The gnoll hits you with a +0 whip.
The gnoll hits you from afar with a +0 halberd!
* * * LOW HITPOINT WARNING * * *
You tear a large gash into the net.
The gnoll hits you but does no damage.
The gnoll hits you from afar with a +0 halberd.
* * * LOW HITPOINT WARNING * * *
You rip the net and break free!
You block the gnoll's attack.
The gnoll hits you from afar with a +0 halberd!
You die...

#.# # ###### ###
#.#.#..... #>..
.........) ...
###.#....) #.# .. #.#.#)
#..## # #######)
###+##..## ........
#.....g@.#### ########
#.....)#....######......
#....g.###.##≈~≈≈##.####
#...... #.##~≈~≈##.# #
##..... #..'≈~≈~'..# #
#..... ####~≈~≈#### ##
#..... #≈~≈≈# ####.
#..... ###### #....
#....


You could see 2 gnolls.

Vanquished Creatures
  A scorpion (D:3)
  Ijyb (D:4)
  An iguana (D:4)
  Terence (D:3)
  4 adders
  A gnoll (D:4)
  A worm (D:3)
  2 dart slugs
  5 orcs (D:4)
  4 ball pythons
  4 bats
  7 endoplasms
  A giant cockroach (D:1)
  4 hobgoblins
  2 jackals (D:3)
  3 quokkas
  2 frilled lizards
  5 goblins
  4 kobolds
  A rat (D:2)
54 creatures vanquished.

Vanquished Creatures (others)
  2 fungi (D:1)
  3 plants (D:1)
5 creatures vanquished.

Grand Total: 59 creatures vanquished

Notes
Turn   | Place    | Note
-------+----------+-------------------------------------------
     0 | D:1      | bmack86 the Minotaur Fighter began the quest for the Orb.
     0 | D:1      | Reached XP level 1. HP: 19/19 MP: 0/0
   282 | D:1      | Found a faded altar of an unknown god.
   288 | D:1      | Reached XP level 2. HP: 27/27 MP: 1/1
   855 | D:2      | Reached XP level 3. HP: 33/33 MP: 2/2
  1419 | D:3      | Noticed Terence
  1427 | D:3      | Killed Terence
  1428 | D:3      | Reached skill level 1 in Throwing
  1428 | D:3      | Reached XP level 4. HP: 31/40 MP: 3/3
  1473 | D:3      | Found a blossoming altar of Fedhas.
  1495 | D:3      | Noticed an oklob plant
  1551 | D:3      | Noticed a scorpion
  1562 | D:3      | Killed a scorpion
  1563 | D:3      | Reached XP level 5. HP: 46/47 MP: 4/4
  1719 | D:3      | Found a hazy altar of Hepliaklqana.
  1971 | D:3      | Identified the +2 leather armour of Tinkyn {*Corrode rN+
                  | Str+4 SInv}
  2126 | D:4      | Found a radiant altar of Vehumet.
  2173 | D:4      | Noticed Ijyb
  2184 | D:4      | Killed Ijyb
  2566 | D:4      | Slain by a gnoll

Illustrated notes

Levels and vault maps discovered:
D:1:      zaba_arrival_water, layout_loops_cross,
          dreamdust_ecumenical_altar_grove
D:2:      layout_loops_ring
D:3:      layout_loops_ring, general_overflow_altar, tgw_fedhas,
          kennysheep_generic_room_11, uniq_terence
D:4:      layout_basic, vehumet_crystals, serial_rivers,
          chequers_serial_rivers_micro_c, chequers_serial_rivers_room_b,
          chequers_serial_rivers_room_b, chequers_serial_rivers_marsh,
          uniq_menkaure, uniq_ijyb

Skill      XL: |  1  2  3  4 |
---------------+-------------+-----
Axes           | 3 4 |  4.7
Fighting       | 4 |  4.6
Armour         | 4 |  4.6
Shields        | 4 |  4.7
Throwing       | 1 |  1.9

Action                   |  1- 3 |  4- 6 || total
-------------------------+-------+-------++-------
Melee: War axe           |    81 |    58 ||   139
       Headbutt          |    11 |     5 ||    16
Throw: Javelin           |     3 |       ||     3
  Use: Scroll            |     5 |     2 ||     7
Armor: Scale mail        |    32 |    26 ||    58
Dodge: Dodged            |    41 |    57 ||    98
Block: Buckler           |    27 |    17 ||    44

Table legend: (Time is in decaauts)
 A = Elapsed time spent in this place.
 B = Non-inter-level travel time spent in this place.
 C = Inter-level travel time spent in this place.
 D = Time resting spent in this place.
 E = Time spent auto-exploring this place.
 F = Levels seen in this place.
 G = Mean time per level.
                   A        B        C        D        E       F      G
               +--------+--------+--------+--------+--------+-----+--------+
         Total |   2641 |   2539 |    102 |      0 |   1839 |   4 |  660.2 |
       Dungeon |   2641 |   2539 |    102 |      0 |   1839 |   4 |  660.2 |
               +--------+--------+--------+--------+--------+-----+--------+

Top non-repeatable levels by time:
     D:3: 766 daAuts
     D:1: 761 daAuts
     D:2: 640 daAuts
     D:4: 472 daAuts
